PAAA
BAKERSFIELD NOBLES @ ROYSE CITY TARGARYENS
08/08/2030
 
TOP OF THE 1ST
Bakersfield Nobles batting - Pitching for Royse City Targaryens : RHP Josef van der Poel
Pitching: RHP Josef van der Poel
Batting: RHB Jesús Orozco 0-0: Ball
1-0: Foul Ball, location: 2F
1-1: Ball
2-1: Ground out 5-3 (Groundball, 56)
Batting: RHB Alfredo García 0-0: Foul Ball, location: 2F
0-1: SINGLE (Groundball, 34D)
Batting: LHB Bill Chambers 0-0: Ball
Alfredo García is caught stealing 2nd base
1-0: SINGLE (Groundball, 6MD)
Batting: LHB Hideki Hisanobu 0-0: Called Strike
0-1: Ball
Bill Chambers steals 2nd base
1-1: Foul Ball, location: 2F
1-2: Ball
2-2: Reached via error on a dropped throw, E3
Bill Chambers to third
Batting: RHB António Ramírez 0-0: Ball
1-0: Fielders Choice at 2nd, 5-4 (Groundball, 56)
Top of the 1st over - 0 runs, 2 hits, 1 error, 2 left on base; Bakersfield 0 - Royse City 0
BOTTOM OF THE 1ST
Royse City Targaryens batting - Pitching for Bakersfield Nobles : RHP Cameron Frye
Pitching: RHP Cameron Frye
Batting: SHB Miguel Herrera 0-0: Ball
1-0: Ball
2-0: Ball
3-0: Called Strike
3-1: Base on Balls
Batting: RHB Chi-ju Zhang 0-0: Ball
1-0: Called Strike
1-1: SINGLE (Groundball, 6MD)
Miguel Herrera to second
Runner from 2nd tries for 3rd, SAFE, throw made to third
Chi-ju Zhang to second
Batting: LHB Juan Macíel 0-0: Ball
1-0: Ball
2-0: Swinging Strike
2-1: Called Strike
2-2: Strikes out looking
Batting: LHB Terrence Eler 0-0: Ball
1-0: Ball
2-0: Ball
3-0: Base on Balls
Batting: LHB Ashley Thachi 0-0: Ball
1-0: SINGLE (Groundball, 4MD)
Miguel Herrera scores
Chi-ju Zhang to third
Terrence Eler to second
Runner from 3rd tries for Home, throw and OUT!
Batting: LHB Gonzalo Álvarez 0-0: Fly out, F4 (Line Drive, 4M)
Bottom of the 1st over - 1 run, 2 hits, 0 errors, 2 left on base; Bakersfield 0 - Royse City 1
TOP OF THE 2ND
Bakersfield Nobles batting - Pitching for Royse City Targaryens : RHP Josef van der Poel
Batting: RHB Juan Tellado 0-0: Foul Ball, location: 2F
0-1: Called Strike
0-2: Ball
1-2: Ball
2-2: Fly out, F9 (Line Drive, 9)
Batting: RHB Mario Blanco 0-0: Foul Ball, location: 2F
0-1: Ball
1-1: Ball
2-1: Ball
3-1: Called Strike
3-2: Foul Ball, location: 2F
3-2: Ground out 4-3 (Groundball, 4)
Batting: RHB Kazuyoshi Yoshida 0-0: Ball
1-0: SINGLE (Line Drive, 34D)
Batting: RHB Leonardo Ramírez 0-0: Ball
1-0: Called Strike
1-1: Swinging Strike
1-2: Foul Ball, location: 2F
1-2: Ball
2-2: Ball
3-2: Foul Ball, location: 2F
3-2: Ground out 5-3 (Groundball, 5S)
Top of the 2nd over - 0 runs, 1 hit, 0 errors, 1 left on base; Bakersfield 0 - Royse City 1
BOTTOM OF THE 2ND
Royse City Targaryens batting - Pitching for Bakersfield Nobles : RHP Cameron Frye
Batting: RHB Felipe Campos 0-0: Called Strike
0-1: Swinging Strike
0-2: Ball
1-2: Ball
2-2: Foul Ball, location: 2F
2-2: SINGLE (Line Drive, 6MD)
Batting: RHB Junior Pittman 0-0: Called Strike
Felipe Campos is caught stealing 2nd base
0-1: Foul Ball, location: 2F
0-2: Ball
1-2: SINGLE (Groundball, 34D)
Batting: LHB Colin Worthington 0-0: Called Strike
0-1: Ball
Wild Pitch!
Junior Pittman to second
1-1: Swinging Strike
1-2: DOUBLE (Line Drive, 78D)
Junior Pittman scores
Batting: SHB Miguel Herrera 0-0: Called Strike
0-1: Called Strike
0-2: Ball
1-2: Ball
2-2: Ball
3-2: Foul Ball, location: 2F
3-2: Fly out, F8 (Flyball, 89S)
Batting: RHB Chi-ju Zhang 0-0: Fly out, F7 (Flyball, 7)
Bottom of the 2nd over - 1 run, 3 hits, 0 errors, 1 left on base; Bakersfield 0 - Royse City 2
TOP OF THE 3RD
Bakersfield Nobles batting - Pitching for Royse City Targaryens : RHP Josef van der Poel
Batting: RHB Jesús Orozco 0-0: Ball
1-0: Ground out 4-3 (Groundball, 4)
Batting: RHB Alfredo García 0-0: Ball
1-0: Ball
2-0: SINGLE (Groundball, 4MD)
Batting: LHB Bill Chambers 0-0: Foul Ball, location: 2F
0-1: Ball
1-1: Foul Ball, location: 2F
1-2: Ball
2-2: Ball
3-2: SINGLE (Groundball, 56D)
Alfredo García to second
Batting: LHB Hideki Hisanobu 0-0: Swinging Strike
0-1: Foul Ball, location: 2F
0-2: Foul Ball, location: 2F
0-2: Hit by Pitch
Alfredo García to third
Bill Chambers to second
Batting: RHB António Ramírez 0-0: Called Strike
0-1: Ball
1-1: Fly out, F8 (Flyball, 8LS)
Batting: RHB Juan Tellado 0-0: Called Strike
0-1: Ball
1-1: Ball
2-1: Ground out 5-3 (Groundball, 56S)
Top of the 3rd over - 0 runs, 2 hits, 0 errors, 3 left on base; Bakersfield 0 - Royse City 2
BOTTOM OF THE 3RD
Royse City Targaryens batting - Pitching for Bakersfield Nobles : RHP Cameron Frye
Batting: LHB Juan Macíel 0-0: Foul Ball, location: 2F
0-1: Ground out 6-3 (Groundball, 6)
Batting: LHB Terrence Eler 0-0: Fly out, F9 (Flyball, 89M)
Batting: LHB Ashley Thachi 0-0: Called Strike
0-1: Ball
1-1: Ball
2-1: Fly out, F7 (Flyball, 7LS)
Bottom of the 3rd over - 0 runs, 0 hits, 0 errors, 0 left on base; Bakersfield 0 - Royse City 2
TOP OF THE 4TH
Bakersfield Nobles batting - Pitching for Royse City Targaryens : RHP Josef van der Poel
Batting: RHB Mario Blanco 0-0: Ball
1-0: Swinging Strike
1-1: Ball
2-1: Swinging Strike
2-2: Strikes out swinging
Batting: RHB Kazuyoshi Yoshida 0-0: Fly out, F9 (Flyball, 9)
Batting: RHB Leonardo Ramírez 0-0: Called Strike
0-1: Ball
1-1: Foul Ball, location: 2F
1-2: Ball
2-2: SOLO HOME RUN (Flyball, 78XD), Distance : 409 ft
Batting: RHB Jesús Orozco 0-0: Ground out 4-3 (Groundball, 34)
Top of the 4th over - 1 run, 1 hit, 0 errors, 0 left on base; Bakersfield 1 - Royse City 2
BOTTOM OF THE 4TH
Royse City Targaryens batting - Pitching for Bakersfield Nobles : RHP Cameron Frye
Batting: LHB Gonzalo Álvarez 0-0: Called Strike
0-1: Ball
1-1: Ball
2-1: SINGLE (Line Drive, 4)
Batting: RHB Felipe Campos 0-0: Ball
1-0: Called Strike
1-1: Ball
2-1: Grounds into double play, 4-6-3 (Groundball, 4)
Batting: RHB Junior Pittman 0-0: Ball
1-0: Ball
2-0: Ground out 6-3 (Groundball, 56)
Bottom of the 4th over - 0 runs, 1 hit, 0 errors, 0 left on base; Bakersfield 1 - Royse City 2
TOP OF THE 5TH
Bakersfield Nobles batting - Pitching for Royse City Targaryens : RHP Josef van der Poel
Batting: RHB Alfredo García 0-0: Foul Ball, location: 2F
0-1: Ball
1-1: Ball
2-1: Ground out 4-3 (Groundball, 4M)
Batting: LHB Bill Chambers 0-0: Ball
1-0: Ball
2-0: Ball
3-0: Called Strike
3-1: Reached on error, E1 (Groundball, 13S)
Batting: LHB Hideki Hisanobu 0-0: DOUBLE (Line Drive, 7LS)
Bill Chambers scores
Batting: RHB António Ramírez 0-0: Called Strike
0-1: Ball
1-1: Ball
2-1: Foul Ball, location: 2F
2-2: Ground out 6-3 (Groundball, 6)
Hideki Hisanobu to third
Batting: RHB Juan Tellado 0-0: SINGLE (Groundball, 6MD)
Hideki Hisanobu scores
Batting: RHB Mario Blanco 0-0: Ball
1-0: Fielders Choice at 2nd, 6-4 (Groundball, 6)
Top of the 5th over - 2 runs, 2 hits, 1 error, 1 left on base; Bakersfield 3 - Royse City 2
BOTTOM OF THE 5TH
Royse City Targaryens batting - Pitching for Bakersfield Nobles : RHP Cameron Frye
Batting: LHB Colin Worthington 0-0: Ball
1-0: Ball
2-0: Foul Ball, location: 2F
2-1: Ball
3-1: Called Strike
3-2: Foul Ball, location: 2F
3-2: Base on Balls
Batting: SHB Miguel Herrera 0-0: Bunted foul
0-1: Ball
1-1: Bunted foul
1-2: Fielders Choice at 2nd, 1-6 (Groundball, 13S)
Batting: RHB Chi-ju Zhang 0-0: Ball
1-0: Called Strike
1-1: Ball
2-1: Ball
3-1: Called Strike
3-2: Fielders Choice at 2nd, 6-4 (Groundball, 6M)
Batting: LHB Juan Macíel 0-0: Ground out 4-3 (Groundball, 4)
Bottom of the 5th over - 0 runs, 0 hits, 0 errors, 1 left on base; Bakersfield 3 - Royse City 2
TOP OF THE 6TH
Bakersfield Nobles batting - Pitching for Royse City Targaryens : RHP Josef van der Poel
Batting: RHB Kazuyoshi Yoshida 0-0: Called Strike
0-1: Ball
1-1: Foul Ball, location: 2F
1-2: Strikes out swinging
Batting: RHB Leonardo Ramírez 0-0: Ball
1-0: SINGLE (Groundball, 6D)
Batting: RHB Jesús Orozco 0-0: Ball
Passed Ball!
Leonardo Ramírez to second
1-0: Foul Ball, location: 2F
1-1: Foul Ball, location: 2F
1-2: Ball
2-2: Ground out 5-3 (Groundball, 56)
Batting: RHB Alfredo García 0-0: Ball
1-0: Ground out 5-3 (Groundball, 56S)
Top of the 6th over - 0 runs, 1 hit, 0 errors, 1 left on base; Bakersfield 3 - Royse City 2
BOTTOM OF THE 6TH
Royse City Targaryens batting - Pitching for Bakersfield Nobles : RHP Cameron Frye
Batting: LHB Terrence Eler 0-0: Called Strike
0-1: Swinging Strike
0-2: Foul Ball, location: 2F
0-2: Foul Ball, location: 2F
0-2: SOLO HOME RUN (Flyball, 89XD), Distance : 424 ft
Batting: LHB Ashley Thachi 0-0: Ball
1-0: Swinging Strike
1-1: Swinging Strike
1-2: Ball
2-2: SINGLE (Line Drive, 8RS)
Batting: LHB Gonzalo Álvarez 0-0: Called Strike
0-1: Ball
1-1: Ball
2-1: SINGLE (Line Drive, 8RS)
Ashley Thachi to second
Batting: RHB Felipe Campos 0-0: Sac Bunt - play at first, batter OUT! 3-4
Ashley Thachi to third
Gonzalo Álvarez to second
Batting: RHB Junior Pittman 0-0: Ball
1-0: DOUBLE (Flyball, 78D)
Ashley Thachi scores
Gonzalo Álvarez scores
Batting: LHB Colin Worthington 0-0: Ball
1-0: Ball
2-0: Fly out, F8 (Flyball, 8LM)
Batting: SHB Miguel Herrera 0-0: Ball
1-0: Ground out 4-3 (Groundball, 34D)
Bottom of the 6th over - 3 runs, 4 hits, 0 errors, 1 left on base; Bakersfield 3 - Royse City 5
TOP OF THE 7TH
Bakersfield Nobles batting - Pitching for Royse City Targaryens : RHP Josef van der Poel
Batting: LHB Bill Chambers 0-0: Called Strike
0-1: Swinging Strike
0-2: Strikes out swinging
Pitching: LHP Stanford McCain
Batting: LHB Hideki Hisanobu 0-0: Swinging Strike
0-1: Ball
1-1: Fly out, F5 (Popup, 5SF)
Batting: RHB António Ramírez 0-0: Ball
1-0: Ball
2-0: Ball
3-0: Called Strike
3-1: Foul Ball, location: 2F
3-2: Base on Balls
Batting: RHB Juan Tellado 0-0: Ball
1-0: Called Strike
António Ramírez steals 2nd base
1-1: Swinging Strike
1-2: Ball
2-2: Strikes out swinging
Top of the 7th over - 0 runs, 0 hits, 0 errors, 1 left on base; Bakersfield 3 - Royse City 5
BOTTOM OF THE 7TH
Royse City Targaryens batting - Pitching for Bakersfield Nobles : RHP Cameron Frye
Batting: RHB Chi-ju Zhang 0-0: Called Strike
0-1: Ball
1-1: SINGLE (Groundball, 56D)
Batting: LHB Juan Macíel 0-0: Swinging Strike
0-1: Called Strike
0-2: Ball
1-2: Fly out, F7 (Flyball, 7S)
Pitching: LHP Luis Ochoa
Batting: LHB Terrence Eler 0-0: Ball
1-0: Foul Ball, location: 2F
1-1: Called Strike
1-2: Ball
2-2: Strikes out swinging
Batting: LHB Ashley Thachi 0-0: Foul Ball, location: 2F
0-1: Ball
1-1: Ball
2-1: Foul Ball, location: 2F
2-2: Strikes out swinging
Bottom of the 7th over - 0 runs, 1 hit, 0 errors, 1 left on base; Bakersfield 3 - Royse City 5
TOP OF THE 8TH
Bakersfield Nobles batting - Pitching for Royse City Targaryens : LHP Stanford McCain
Batting: RHB Mario Blanco 0-0: Ball
1-0: Ball
2-0: Called Strike
2-1: Ball
3-1: SINGLE (Groundball, 6MD)
Batting: RHB Kazuyoshi Yoshida 0-0: Ball
1-0: Ball
2-0: Ball
3-0: Base on Balls
Mario Blanco to second
Batting: RHB Leonardo Ramírez 0-0: Bunt missed!
0-1: Sac Bunt - play at first, batter OUT! 3-4
Mario Blanco to third
Kazuyoshi Yoshida to second
Batting: RHB Jesús Orozco 0-0: Fly out, F9 (Flyball, 89D)
Runner from 3rd tags up, SCORES, no throw
Batting: RHB Alfredo García 0-0: Ball
1-0: Foul Ball, location: 2F
1-1: Ball
2-1: Fly out, F8 (Line Drive, 8LM)
Top of the 8th over - 1 run, 1 hit, 0 errors, 1 left on base; Bakersfield 4 - Royse City 5
BOTTOM OF THE 8TH
Royse City Targaryens batting - Pitching for Bakersfield Nobles : LHP Luis Ochoa
Batting: LHB Gonzalo Álvarez 0-0: Ball
1-0: Ground out U3 (Groundball, 3D)
Batting: RHB Felipe Campos 0-0: SINGLE (Groundball, 56D)
Batting: RHB Junior Pittman 0-0: Ball
1-0: Ground out 5-3 (Groundball, 5S)
Felipe Campos to second
Pinch Hitting: RHB Javier Chávez 0-0: Foul Ball, location: 2F
0-1: Fly out, F6 (Line Drive, 6)
Bottom of the 8th over - 0 runs, 1 hit, 0 errors, 1 left on base; Bakersfield 4 - Royse City 5
TOP OF THE 9TH
Bakersfield Nobles batting - Pitching for Royse City Targaryens : LHP Stanford McCain
Now at 3B: Javier Chávez
Batting: LHB Bill Chambers 0-0: Ball
1-0: Called Strike
1-1: Ball
2-1: Foul Ball, location: 2F
2-2: Strikes out swinging
Pinch Hitting: RHB Yosuke Hayashi 0-0: Foul Ball, location: 2F
0-1: Ball
1-1: Swinging Strike
1-2: Strikes out swinging
Batting: RHB António Ramírez 0-0: Ball
1-0: SINGLE (Flyball, 9S)
Batting: RHB Juan Tellado 0-0: Called Strike
0-1: Foul Ball, location: 2F
0-2: Ball
1-2: Strikes out swinging
Top of the 9th over - 0 runs, 1 hit, 0 errors, 1 left on base; Bakersfield 4 - Royse City 5
Sunday, March 18th, 2018 - OOTP Baseball 18.8 Build 76